 Dungeon Crawl Stone Soup version 0.31-a0-859-g9dce7d3444 (webtiles) character file.

Game seed: 1744913105042977457

30 AdnanSaban the Trooper (level 3, -3/24 HPs)
             Began as a Gargoyle Fighter on Oct 10, 2023.
             Slain by an orc wizard
             ... wielding a +0 dagger
              (4 damage)
             ... on level 2 of the Dungeon.
             The game lasted 00:01:41 (955 turns).

AdnanSaban the Trooper (Gargoyle Fighter)            Turns: 955, Time: 00:01:41

Health: -3/24      AC: 14    Str: 21    XL:     3   Next: 18%
Magic:  3/3        EV:  5    Int:  8    God:
Gold:   20         SH:  4    Dex:  9    Spells: 2/2 levels left

rFire   . . .        a - +0 flail
rCold   . . .        c - +0 buckler
rNeg    + + .        g - +0 plate armour
rPois   ∞            (no helmet)
rElec   +            (no cloak)
rCorr   .            (no gloves)
SInv    .            (no boots)
Will    .....        (no amulet) Stlth
                     l - ring of positive energy
HPRegen 0.24/turn    (no ring)
MPRegen 0.08/turn

%: no passive effects
@: no status effects
A: sickness immunity, AC +3, negative energy resistance 1, electricity
resistance, torment resistance 1, petrification resistance
a: no special abilities


You were on level 2 of the Dungeon.
You visited 1 branch of the dungeon, and saw 2 of its levels.

You collected 20 gold pieces.

Inventory:

Hand Weapons
 a - a +0 flail (weapon)
Missiles
 b - 5 poisoned darts
Armour
 c - a +0 buckler (worn)
 g - a +0 plate armour (worn)
Jewellery
 l - a ring of positive energy (left hand)
Scrolls
 e - a scroll of revelation {unknown}
 h - a scroll of enchant armour {unknown}
 j - a scroll of identify {unknown}
 m - a scroll of fog {unknown}
Potions
 d - 2 potions of might
 f - a potion of mutation {unknown}
 i - a potion of brilliance {unknown}
 k - a potion of lignification {unknown}


   Skills:
 + Level 3.7 Fighting
 + Level 2.5 Maces & Flails
 + Level 3.7 Armour
 + Level 3.5 Shields


You had 2 spell levels left.
You didn't know any spells.
Your spell library was empty.

Dungeon Overview and Level Annotations

Branches:
Dungeon (2/15)

Altars:

Shops:
D:2 *


Innate Abilities, Weirdness & Mutations

You are immune to sickness and miasma.
Your stone body is resilient. (AC +3)
You are immune to poison.
You resist negative energy. (rN+)
You are resistant to electric shocks. (rElec)
You are resistant to unholy torment.
You are immune to petrification.


Message History

Something hits you but does no damage. The adder bites you but does no damage.
Something hits you but does no damage. The adder attacks as it pursues you!
The adder barely misses you.
You hear some strange, mumbled words.
Something tries to affect you, but you resist.
The adder bites you but does no damage.
A puff of flame appears from out of thin air!
The puff of flame hits you.
* * * LOW HITPOINT WARNING * * *
The adder bites you but does no damage. The adder attacks as it pursues you!
The adder bites you but does no damage. The adder bites you but does no damage.
The adder attacks as it pursues you!
The adder bites you but does no damage. x2
The adder attacks as it pursues you! The adder bites you but does no damage.
The orc wizard points at you and mumbles some strange words.
You are confused.
The adder bites you but does no damage. The adder bites you.
* * * LOW HITPOINT WARNING * * *
The adder bites you but does no damage. The adder bites you but does no damage.
The adder attacks as it pursues you! The adder bites you but does no damage.
The orc wizard attacks as it pursues you!
The orc wizard barely misses you.
You barely miss the adder. The adder barely misses you.
The orc wizard casts a spell.
The orc wizard flickers and vanishes!
The adder bites you but does no damage.
The orc hits you from afar with a +0 trident.
* * * LOW HITPOINT WARNING * * *
The adder bites you.
* * * LOW HITPOINT WARNING * * *
Something hits you but does no damage. The orc hits you but does no damage.
The adder bites you but does no damage.
You feel less confused. Something hits you but does no damage.
Something hits you but does no damage. The adder attacks as it pursues you!
The adder bites you.
* * * LOW HITPOINT WARNING * * *
You hear some strange, mumbled words.
Something hits you.
You die...

#.######## #........#
#.######.# ##'#### #.######
#.....# #......#
#.....###......# #####
#......<#......# #...#..
####.....###S.....####...#..
#..........@...J.........+..
#.#####...######o........#..
#.# #...######.........#..
#.# ##....................
#.# #....................
#.# ####..............#.....
#.# #............†..........
#.# #............†..........
#.# #...###.####†...........


You could see an adder, an orc and an endoplasm.

Vanquished Creatures
  A dart slug (D:1)
  An orc (D:2)
  3 endoplasms
  3 goblins (D:1)
  3 hobgoblins
  2 kobolds (D:1)
  A quokka (D:1)
  3 ball pythons
  4 bats
  2 frilled lizards
  3 rats (D:1)
26 creatures vanquished.

Notes
Turn   | Place    | Note
-------+----------+-------------------------------------------
     0 | D:1      | AdnanSaban the Gargoyle Fighter began the quest for the
                  | Orb.
     0 | D:1      | Reached XP level 1. HP: 14/14 MP: 1/1
   158 | D:1      | Reached XP level 2. HP: 12/19 MP: 2/2
   848 | D:2      | Reached XP level 3. HP: 21/24 MP: 3/3
   899 | D:2      | Found Dipeog's Assorted Antiques.
   955 | D:2      | HP: 1/24 [adder (2)]
   955 | D:2      | Slain by an orc wizard

Illustrated notes

Levels and vault maps discovered:
D:1:      lightli_arrival_maybe_door_vault, layout_basic, minmay_misc_feat_chi,
          nicolae_kite_square_tiling_tiny
D:2:      layout_basic, serial_glass, glass_columns_a, glass_columns_b,
          serial_shops, shop, uniq_jessica, uniq_natasha

Action                     || total
---------------------------++-------
  Melee: Flail             ||    90
 Armour: Scale mail        ||    34
         Plate armour      ||    88
  Dodge: Dodged            ||    36
  Block: Buckler           ||    26

Table legend: (Time is in decaauts)
 A = Elapsed time spent in this place.
 B = Non-inter-level travel time spent in this place.
 C = Inter-level travel time spent in this place.
 D = Time resting spent in this place.
 E = Time spent auto-exploring this place.
 F = Levels seen in this place.
 G = Mean time per level.
                   A        B        C        D        E       F      G
               +--------+--------+--------+--------+--------+-----+--------+
         Total |    983 |    945 |     38 |      0 |    698 |   2 |  491.5 |
       Dungeon |    983 |    945 |     38 |      0 |    698 |   2 |  491.5 |
               +--------+--------+--------+--------+--------+-----+--------+

Top non-repeatable levels by time:
     D:1: 796 daAuts
     D:2: 186 daAuts
